 Dungeon Crawl Stone Soup version 0.29-a0-321-gf1c400731a (webtiles) character file.

Game seed: 4258286785844453529

130 enile the Conjurer (level 5, 0/32 HPs)
             Began as a Tengu Conjurer on Apr 5, 2022.
             Was an Initiate of Yredelemnul.
             Killed from afar by an orc wizard (7 damage)
             ... with a puff of flame
             ... on level 3 of the Dungeon.
             The game lasted 00:03:44 (3058 turns).

enile the Conjurer (Tengu Conjurer)                 Turns: 3058, Time: 00:03:44

Health: 0/32       AC:  2    Str:  7    XL:     5   Next: 13%
Magic:  4/9        EV: 15    Int: 21    God:    Yredelemnul [......]
Gold:   108        SH:  0    Dex: 12    Spells: 5/8 levels left

rFire   . . .      SeeInvis .   m - +2 dagger (venom)
rCold   . . .      Faith    .   (no shield)
rNeg    . . .      Spirit   .   a - +0 robe
rPois   .          Reflect  .   (helmet restricted)
rElec   .          Harm     .   (no cloak)
rCorr   .          Rampage  .   (no gloves)
Will    .....                   (boots unavailable)
Stlth   ++........              (no amulet)
HPRegen 0.10/turn               (no ring)
MPRegen 0.11/turn               (no ring)

@: flying quickly and evasively, quick
A: beak, talons 3, nimble flight
a: Renounce Religion, Recall Undead Harvest


You were on level 3 of the Dungeon.
You worshipped Yredelemnul.
Yredelemnul was noncommittal.
You visited 1 branch of the dungeon, and saw 3 of its levels.

You collected 108 gold pieces.

Inventory:

Hand Weapons
 j - a +0 hand axe of electrocution
 m - a +2 dagger of venom (weapon)
 p - the +8 spear of the Bursting Moth {holy, Str+5 Int+3}
   (You found it on level 3 of the Dungeon)

   It has been blessed by the Shining One to cause great damage to the undead
   and demons.
   Str:       It affects your strength (+5).
   Int:       It affects your intelligence (+3).
   Yredelemnul disapproves of the use of such an item.
Armour
 a - a +0 robe (worn)
 o - an orb of light
Wands
 n - a wand of charming (8)
Scrolls
 c - a scroll of amnesia
 h - a scroll of vulnerability
 i - a scroll of teleportation {unknown}
 k - a scroll of torment {unknown}
 r - a scroll of holy word {unknown}
Potions
 b - 2 potions of magic
 d - 2 potions of mutation {unknown}
 e - a potion of degeneration {unknown}
 f - a potion of might {unknown}
 g - 3 potions of curing {unknown}
 l - a potion of berserk rage {unknown}


   Skills:
 - Level 3.0 Fighting
 - Level 3.0 Dodging
 - Level 2.0 Stealth
 - Level 2.0 Spellcasting
 + Level 6.6 Conjurations


You had 5 spell levels left.
You knew the following spells:

 Your Spells              Type           Power      Damage    Failure   Level
a - Magic Dart            Conj           100%       1d8       1%          1
b - Searing Ray           Conj           58%        2d6       1%          2

Your spell library contained the following spells:

 Spells                   Type           Power      Damage    Failure   Level
 Conjure Flame            Conj/Fire      16%        6-21      12%         3
 Dazzling Flash           Conj/Hex       32%        N/A       12%         3
 Fulminant Prism          Conj/Hex       8%         3d7       36%         4
 Iskenderun's Mystic Bla  Conj/Tloc      16%        2d5       36%         4
 Sticky Flame             Conj/Fire      16%        2d4       36%         4
 Ignite Poison            Fire/Tmut/Pois 2%         N/A       41%         3


Dungeon Overview and Level Annotations

Branches:
Dungeon (3/15)

Altars:
Yredelemnul

Shops:
D:2 [

Annotations:
D:1 2 transporters


Innate Abilities, Weirdness & Mutations

You have a beak for a mouth.
You have claws for feet.
Your magical nature lets you fly swiftly and evasively.


Message History

Aiming: Searing Ray (safe; 1% risk of failure)
Press: ? - help, Shift-Dir - straight line, f/p - orc wizard
Aim: an orc wizard, wielding a +0 dagger and wearing a +0 robe (lightly wounded, ally target, 74% to hit)
The searing ray misses the orc wizard. (Press . to maintain the ray.)
The orc priest calls down the wrath of Beogh upon you.
Beogh smites you!
The orc wizard points at you and mumbles some strange words.
The magic dart hits you!
You hear a shout!
The searing ray hits the orc wizard!
The orc wizard is severely wounded.
The searing ray hits the orc!
You kill the orc!
The searing ray hits the orc priest.
The orc priest is moderately wounded.
An orc wizard comes into view. It is wielding a +0 dagger.
The orc wizard gestures at you while chanting.
The puff of flame hits you!
* * * LOW HITPOINT WARNING * * *
The orc priest looks braver for a moment.
You swap places.
Something hits your frilled lizard zombie.
Your frilled lizard zombie bites something but does no damage.
Something hits your frilled lizard zombie.
Your frilled lizard zombie is destroyed!
As you read the scroll of identify, it crumbles to dust.
h - a scroll of vulnerability
Okay, then.
Casting: Searing Ray (safe; 1% risk of failure)
Confirm with . or Enter, or press ? or * to list all spells.
Aiming: Magic Dart (safe; 1% risk of failure)
Press: ? - help, Shift-Dir - straight line, f/p - orc wizard
Aim: an orc wizard, wielding a +0 dagger and wearing a +0 robe (severely wounded, 100% to hit)
The magic dart hits the orc wizard.
The orc wizard is almost dead.
The orc wizard casts a spell at you. The puff of flame hits you!
You die...
Your body rises from the dead as a mindless zombie.

#.........#.....#....
#...............#..#.
#..Z..#######.#..
#............
######.########
#..............
#.....#........
#.....#########
#....@# #####.#
######.# #oo..o.#
#.####.# #.# ###


You could see an orc wizard.

Vanquished Creatures
  Ijyb (D:3)
  4 adders
  A worm (D:3)
  2 dart slugs
  6 orcs (D:3)
  7 ball pythons
  2 bats (D:1)
  2 endoplasms (D:2)
  3 giant cockroaches
  5 hobgoblins
  3 jackals (D:1)
  2 quokkas
  5 frilled lizards
  2 goblins
  A goblin zombie (D:3)
  3 kobolds (D:1)
  5 rats
54 creatures vanquished.

Vanquished Creatures (collateral kills)
  An orc (D:3)
1 creature vanquished.

Vanquished Creatures (others)
  An adder zombie (D:3)
  A goblin zombie (D:3)
  2 frilled lizard zombies (D:3)
  A giant cockroach zombie (D:3)
  4 orc zombies (D:3)
  A rat zombie (D:3)
  3 plants (D:2)
13 creatures vanquished.

Grand Total: 68 creatures vanquished

Notes
Turn   | Place    | Note
-------+----------+-------------------------------------------
     0 | D:1      | enile the Tengu Conjurer began the quest for the Orb.
     0 | D:1      | Reached XP level 1. HP: 10/10 MP: 4/4
   211 | D:1      | Reached skill level 1 in Fighting
   289 | D:1      | Reached XP level 2. HP: 16/16 MP: 3/6
  1187 | D:1      | Learned a level 2 spell: Searing Ray
  1251 | D:1      | Found a faded altar of an unknown god.
  1428 | D:1      | Prayed at the altar of an unknown god.
  1428 | D:1      | Became a worshipper of Yredelemnul the Dark
  1428 | D:1      | Reached * piety under Yredelemnul
  1545 | D:2      | Reached XP level 3. HP: 21/21 MP: 5/7
  1618 | D:2      | Found Baetafiy's Antique Armour Shop.
  2352 | D:3      | Reached XP level 4. HP: 27/27 MP: 6/8
  2491 | D:3      | Noticed Ijyb
  2512 | D:3      | Killed Ijyb
  2513 | D:3      | Reached skill level 6 in Conjurations
  2545 | D:3      | Identified the +8 spear of the Bursting Moth {holy, Str+5
                  | Int+3}
  2689 | D:3      | Gained mutation: Your magical nature lets you fly swiftly
                  | and evasively. [Tengu growth]
  2689 | D:3      | Reached XP level 5. HP: 26/32 MP: 9/9
  2754 | D:3      | Your ally Ijyb died
  3058 | D:3      | Killed from afar by an orc wizard

Illustrated notes

Levels and vault maps discovered:
D:1:      spicycebolla_arrival_teleporter_tutorial, layout_loops_corners,
          hellmonk_ecumenical_altar_heavens_door, nrook_mini_vaults
D:2:      layout_loops_ring, serial_shops, shop, serial_bayou_ford_a
D:3:      layout_basic, minivault_5, uniq_ijyb

Skill      XL: |  1  2  3  4 |
---------------+-------------+-----
Fighting       | 1 2 3 |  3.0
Dodging        | 3 |  3.0
Conjurations   | 6 |  6.6
Stealth        | |  2.0
Spellcasting   | |  2.0

Action                   |  1- 3 |  4- 6 || total
-------------------------+-------+-------++-------
Melee: Unarmed           |     6 |       ||     6
       Kick              |     2 |     7 ||     9
       Hand axe          |     4 |     1 ||     5
       Dagger            |       |    29 ||    29
       Peck              |       |     5 ||     5
       Punch             |       |     1 ||     1
 Cast: Magic Dart        |    52 |    14 ||    66
       Searing Ray       |     4 |     5 ||     9
  Use: Scroll            |     2 |     1 ||     3
       Potion            |     1 |       ||     1
 Stab: Sleeping          |     3 |       ||     3
Armor: Robe              |     7 |     3 ||    10
Dodge: Dodged            |    25 |    12 ||    37

Table legend: (Time is in decaauts)
 A = Elapsed time spent in this place.
 B = Non-inter-level travel time spent in this place.
 C = Inter-level travel time spent in this place.
 D = Time resting spent in this place.
 E = Time spent auto-exploring this place.
 F = Levels seen in this place.
 G = Mean time per level.
                   A        B        C        D        E       F      G
               +--------+--------+--------+--------+--------+-----+--------+
         Total |   3064 |   2860 |    204 |      0 |   2561 |   3 | 1021.3 |
       Dungeon |   3064 |   2860 |    204 |      0 |   2561 |   3 | 1021.3 |
               +--------+--------+--------+--------+--------+-----+--------+

Top non-repeatable levels by time:
     D:1: 1482 daAuts
     D:2: 880 daAuts
     D:3: 701 daAuts
